[Event "Titled Tuesday Blitz June 28 Late 2022"]
[White "Rios Escobar, Adan"]
[Black "Aggelis, Nikolaos"]
[WhiteFideId "3403645"]
[BlackFideId "4213220"]
[WhiteElo "2467"]
[BlackElo "2154"]
[Result "1-0"]
[Round "09"]
[TimeControl "180+1"]
[Date "2022.06.29"]
[WhiteClock "0:00:17"]
[BlackClock "0:00:01"]

1. d4 d5 2. Nf3 Nf6 3. g3 c5 4. Bg2 Nc6 5. O-O cxd4 6. Nxd4 g6 7. c4 Bg7 8. Nc3 e6 9. e3 O-O 10. cxd5 Nxd5 11. Nxd5 exd5 12. Ne2 Be6 13. h3 Qd7 14. Nf4 d4 15. Nxe6 Qxe6 16. Re1 Rfe8 17. Bd2 d3 18. Bc3 Bxc3 19. bxc3 Rad8 20. Qb3 Qd7 21. Red1 b6 22. Rd2 Na5 23. Qb4 Nc6 24. Qa4 Ne5 25. Qxd7 Rxd7 26. Rad1 Rc8 27. f4 Nc4 28. Rxd3 Rxd3 29. Rxd3 Nb2 30. Rd7 a5 31. Bd5 Rxc3 32. Rxf7 Kh8 33. g4 Rxe3 34. g5 Re8 35. Rb7 Nd3 36. Rf7 Rd8 37. Bc4 Nb2 38. Bb5 Nd1 39. a4 Nc3 40. Bc6 Kg8 41. Rb7 Ne2+ 42. Kh2 Nxf4 43. Rxb6 Rd2+ 44. Kg3 Ne6 45. Bb5 Kf7 46. Bc4 Rc2 47. Bxe6+ Ke7 48. Bd5 Rc3+ 49. Bf3 Ra3 50. Rb7+ Kd6 51. Rxh7 Rxa4 52. Rg7 Ke5 53. Rxg6 Kf5 54. Rg8 Ra1 55. h4 Rg1+ 56. Bg2 a4 57. Ra8 Ra1 58. Ra5+ Kg6 59. Kg4 Kg7 60. h5 Rg1 61. h6+ 1-0


[Site "https://www.chess.com"]

[Event "Titled Tuesday Blitz June 28 Late 2022"]
[White "Rizzo, Tobias"]
[Black "Clawitter, Craig"]
[WhiteFideId "30942691"]
[BlackFideId "2023105"]
[WhiteElo "2285"]
[BlackElo "2233"]
[Result "1-0"]
[Round "09"]
[TimeControl "180+1"]
[Date "2022.06.29"]
[WhiteClock "0:01:21"]
[BlackClock "0:00:59"]

1. d4 e6 2. c4 Nf6 3. Nf3 d5 4. g3 Be7 5. Bg2 O-O 6. Ne5 c5 7. O-O Nc6 8. Nxc6 bxc6 9. Nc3 cxd4 10. Qxd4 Qb6 11. Be3 Qxd4 12. Bxd4 Ba6 13. cxd5 cxd5 14. Rfd1 Rfc8 15. Rac1 Rab8 16. b3 Rc7 17. Be5 Rbc8 18. Bxc7 Rxc7 19. Nxd5 Nxd5 20. Rxc7 Nxc7 21. Rd7 Bxe2 1-0


[Site "https://www.chess.com"]

[Event "Titled Tuesday Blitz June 28 Late 2022"]
[White "Romero Ruscalleda, Josep"]
[Black "Gardezi, Arsal"]
[WhiteFideId "2231859"]
[BlackFideId "30949521"]
[WhiteElo "2257"]
[BlackElo "1781"]
[Result "1-0"]
[Round "09"]
[TimeControl "180+1"]
[Date "2022.06.29"]
[WhiteClock "0:01:12"]
[BlackClock "0:00:01"]

1. e4 e5 2. Nf3 Nc6 3. Bc4 Nf6 4. d4 exd4 5. e5 d5 6. Bb5 Ne4 7. Nxd4 Bd7 8. Bxc6 bxc6 9. O-O Bc5 10. Be3 O-O 11. Nd2 Qe7 12. Re1 Qxe5 13. Nxc6 Qf5 14. Bxc5 Bxc6 15. Nxe4 dxe4 16. Bxf8 Rxf8 17. Re3 Qf6 18. c3 Rd8 19. Qg4 g6 20. Rae1 Qd6 21. h4 h5 22. Qg5 Rb8 23. b4 Re8 24. Qh6 Qf6 25. Qg5 Qe6 26. Qc5 Ba8 27. a4 a6 28. a5 Re7 29. c4 Re8 30. b5 f5 31. Qxc7 Rc8 32. Qa7 Qxc4 33. b6 Qd5 34. Qxa6 Bb7 35. Qe2 Qxa5 36. Qb2 Rc6 37. Rb1 Qd5 38. Qb3 Rc1+ 39. Kh2 Rxb1 40. Qxb1 f4 41. Rc3 1-0


[Site "https://www.chess.com"]

[Event "Titled Tuesday Blitz June 28 Late 2022"]
[White "Rosen, Eric"]
[Black "Melikhov, Evgeny V."]
[WhiteFideId "2032562"]
[BlackFideId "4122046"]
[WhiteElo "2362"]
[BlackElo "1904"]
[Result "1/2-1/2"]
[Round "09"]
[TimeControl "180+1"]
[Date "2022.06.29"]
[WhiteClock "0:00:12"]
[BlackClock "0:00:07"]

1. e4 e5 2. Nf3 Nc6 3. d4 exd4 4. Bc4 Nf6 5. O-O Nxe4 6. Nc3 Nxc3 7. bxc3 d5 8. Bb5 Be7 9. Bxc6+ bxc6 10. Ne5 Bd7 11. cxd4 O-O 12. Re1 Bd6 13. Qf3 f6 14. Nd3 Re8 15. Bf4 Rxe1+ 16. Rxe1 Qf8 17. h4 Re8 18. Rb1 Qe7 19. Bxd6 Qxd6 20. Nc5 Bc8 21. Qg3 Qxg3 22. fxg3 Bf5 23. Rb7 Bxc2 24. Rxc7 Re2 25. Rxc6 Be4 26. Nxe4 Rxe4 27. Rc8+ Kf7 28. Rc7+ Kg6 29. Rxa7 Rxd4 30. Kf2 Rd2+ 31. Kf3 d4 32. a4 h5 33. a5 Ra2 34. a6 d3 35. Rd7 d2 36. a7 Rxa7 37. Rxd2 Ra3+ 38. Kf2 Rb3 39. Rd5 Ra3 40. Rc5 Rb3 41. Ra5 Rc3 42. Ra2 Rb3 43. Rc2 Ra3 44. Rc4 Rb3 45. Rf4 Ra3 46. Rb4 Rc3 47. Rb1 Ra3 48. Re1 Rb3 49. Rh1 Ra3 50. Rc1 Rb3 51. Rc8 Ra3 52. Rb8 Rc3 53. Rb4 Ra3 54. g4 hxg4 55. Rxg4+ Kh6 56. Kg1 g5 57. Kh2 Kh5 58. Rb4 gxh4 59. Rb5+ Kg6 60. Rb4 Kg5 61. Rb5+ f5 62. Rb8 Rc3 63. Rg8+ Kh5 64. Rh8+ Kg5 65. Rf8 Ra3 66. Rg8+ Kh5 67. Rh8+ Kg5 68. Rf8 Rg3 69. Rg8+ Kf4 70. Rh8 Kg5 71. Rg8+ Kf4 72. Rh8 Kg5 73. Rh7 f4 74. Rg7+ Kf5 75. Rf7+ Kg5 76. Ra7 f3 77. Ra5+ Kg4 78. Ra4+ Kg5 79. gxf3 Rxf3 80. Ra8 Rb3 81. Rg8+ Kh5 82. Kh1 h3 83. Kh2 Kh4 84. Rh8+ Kg4 85. Rg8+ Kh4 86. Rg1 Rb2+ 87. Kh1 h2 88. Rd1 Ra2 89. Rd4+ Kg3 90. Rd3+ Kg4 91. Rd8 Kg3 92. Rg8+ Kh3 93. Rh8+ Kg3 94. Rg8+ Kh3 95. Rh8+ Kg3 96. Rh3+ Kxh3 1/2-1/2


[Site "https://www.chess.com"]

[Event "Titled Tuesday Blitz June 28 Late 2022"]
[White "Rustemov, Alexander"]
[Black "Przybylski, Wojciech"]
[WhiteFideId "4119002"]
[BlackFideId "1117599"]
[WhiteElo "2731"]
[BlackElo "2133"]
[Result "1-0"]
[Round "09"]
[TimeControl "180+1"]
[Date "2022.06.28"]
[WhiteClock "0:00:23"]
[BlackClock "0:00:01"]

1. d4 Nf6 2. c4 e6 3. Nf3 b6 4. a3 Bb7 5. Nc3 Be7 6. Qc2 d5 7. cxd5 exd5 8. Bg5 O-O 9. e3 h6 10. Bh4 c5 11. Bd3 Nbd7 12. O-O Rc8 13. Bf5 a6 14. Rad1 c4 15. Ne5 Ra8 16. a4 Nb8 17. b3 cxb3 18. Qxb3 Nc6 19. Rb1 Nb4 20. Rfc1 g5 21. Bg3 Bc8 22. Bxc8 Rxc8 23. Na2 Rxc1+ 24. Rxc1 Nxa2 25. Qxa2 Bd6 26. Nd3 Bxg3 27. hxg3 Ne4 28. Nb4 Nf6 29. Nxa6 Qd6 30. Qb3 Ra8 31. Nb4 Qd7 32. Ra1 Qf5 33. Qc2 Qe6 34. Qc6 h5 35. Qxe6 fxe6 36. f3 Kf7 37. Kf2 Ke7 38. Ke2 Kd6 39. Kd3 h4 40. g4 Rh8 41. Rc1 h3 42. Rc6+ Kd7 43. gxh3 Rxh3 44. Rxb6 Rxf3 45. a5 Nxg4 46. a6 Rxe3+ 47. Kc2 Ra3 48. Rb7+ Kd6 49. Kb2 Ra5 50. Rb6+ Kd7 51. Nd3 Ne3 52. Kb3 Nc4 53. Rb7+ Kd6 54. a7 1-0


[Site "https://www.chess.com"]

[Event "Titled Tuesday Blitz June 28 Late 2022"]
[White "Sadhwani, Raunak"]
[Black "Bortnyk, Olexandr"]
[WhiteFideId "35093487"]
[BlackFideId "14120828"]
[WhiteElo "2616"]
[BlackElo "2723"]
[Result "0-1"]
[Round "09"]
[TimeControl "180+1"]
[Date "2022.06.28"]
[WhiteClock "0:00:12"]
[BlackClock "0:00:03"]

1. e4 d6 2. d4 Nf6 3. Nc3 Nbd7 4. Nf3 e5 5. Bc4 Be7 6. O-O c6 7. a4 h6 8. h3 Qc7 9. Re1 g5 10. d5 Nf8 11. a5 Ng6 12. a6 b5 13. Bf1 b4 14. Ne2 Nxe4 15. dxc6 f5 16. Ned4 exd4 17. Nxd4 O-O 18. Bc4+ Kh7 19. Bd5 Rb8 20. Be3 Nf6 21. Be6 f4 22. Bd2 d5 23. c3 Bc5 24. Nb3 Qxc6 25. Nxc5 Qxc5 26. cxb4 Qb6 27. Bxc8 Rbxc8 28. Bc3 Ne4 29. Bd4 Qc7 30. Qg4 f3 31. g3 Rcd8 32. Rac1 Qd7 33. b5 Rf7 34. b6 Qxg4 35. hxg4 axb6 36. Bxb6 Ra8 37. a7 Ne5 38. Red1 Nc4 39. Bd4 Rb7 40. b3 Rxb3 41. Rb1 Ned2 42. Ra1 Rb7 43. Ra2 Nb3 44. Rb1 Kg6 45. Rab2 Nxb2 46. Rxb2 Na5 47. Ra2 Rb1+ 48. Kh2 Nc6 49. Ra6 Rc1 50. Be3 Rc2 51. Bb6 Kf7 52. Be3 d4 53. Bxd4 Nxd4 54. Rxh6 Rxf2+ 55. Kh3 Rf1 0-1


[Site "https://www.chess.com"]

[Event "Titled Tuesday Blitz June 28 Late 2022"]
[White "Shapiro, Daniel"]
[Black "Petrovic, Aleksa"]
[WhiteFideId "2001780"]
[BlackFideId "967629"]
[WhiteElo "2290"]
[BlackElo "2117"]
[Result "0-1"]
[Round "09"]
[TimeControl "180+1"]
[Date "2022.06.29"]
[WhiteClock "0:00:11"]
[BlackClock "0:00:07"]

1. d4 Nf6 2. c4 e6 3. g3 d5 4. Nf3 Be7 5. Bg2 O-O 6. O-O b6 7. Nc3 Bb7 8. cxd5 exd5 9. Qb3 Nc6 10. Bf4 Na5 11. Qc2 c5 12. Rad1 Rc8 13. Bh3 Ra8 14. Bg2 Qc8 15. Qb1 Rd8 16. h3 h6 17. g4 Ne4 18. Nxe4 dxe4 19. Ne5 cxd4 20. Bxe4 Bxe4 21. Qxe4 Qe6 22. b3 f6 23. Qg6 Kf8 24. Rfe1 Nc6 25. Nd3 Nb4 26. Kf1 Nd5 27. Bd2 Qc6 28. Kg1 Rac8 29. h4 Qe6 30. f3 Bd6 31. Kg2 Bc7 32. g5 Qd6 33. f4 Ne3+ 34. Bxe3 Qd5+ 35. Kf2 dxe3+ 36. Kg1 hxg5 37. hxg5 fxg5 38. fxg5 Bg3 39. Rf1+ Bf2+ 40. Nxf2 exf2+ 41. Rxf2+ Kg8 42. Qf5 Qxd1+ 43. Kg2 Qd5+ 44. e4 Qxf5 45. exf5 Rc7 46. Rf3 Rcd7 47. Kg3 Rd3 48. Kg4 Rxf3 49. Kxf3 Kf7 50. Ke4 g6 51. Ke5 gxf5 52. Kxf5 Rd2 53. g6+ Kg7 54. Kg5 Rxa2 55. Kf5 Rb2 0-1


[Site "https://www.chess.com"]

[Event "Titled Tuesday Blitz June 28 Late 2022"]
[White "Sibilio, Mario"]
[Black "Munoz, Francisco Javier"]
[WhiteFideId "800422"]
[BlackFideId "128368"]
[WhiteElo "2296"]
[BlackElo "2383"]
[Result "0-1"]
[Round "09"]
[TimeControl "180+1"]
[Date "2022.06.29"]
[WhiteClock "0:00:01"]
[BlackClock "0:00:17"]

1. Nf3 Nf6 2. d4 g6 3. c4 Bg7 4. e3 O-O 5. Be2 d6 6. O-O Nc6 7. Nc3 e5 8. d5 Nb8 9. e4 a5 10. Ne1 h6 11. Nd3 b6 12. Be3 Ne8 13. Qd2 Kh7 14. f4 exf4 15. Nxf4 Na6 16. Bd4 Nc5 17. Bxg7 Nxg7 18. Nd3 f5 19. exf5 Bxf5 20. Nxc5 bxc5 21. g4 Bd7 22. Ne4 Qe7 23. Qd3 a4 24. Bf3 Qe5 25. Rf2 Rf4 26. h3 Raf8 27. Raf1 h5 28. gxh5 Bxh3 29. hxg6+ Kg8 30. Bg2 Bxg2 31. Rxf4 Rxf4 32. Rxf4 Qxf4 33. Kxg2 Qg4+ 34. Ng3 Nh5 35. Qf3 Nf4+ 36. Kf2 Nh3+ 37. Kg2 Nf4+ 38. Kf2 Qxf3+ 39. Kxf3 Nxg6 40. Nf5 Ne5+ 41. Ke4 Nxc4 0-1


[Site "https://www.chess.com"]

[Event "Titled Tuesday Blitz June 28 Late 2022"]
[White "Silva, Miguel Antonio Neto"]
[Black "Fajdetic, Hrvoje"]
[WhiteFideId "1911929"]
[BlackFideId "14501945"]
[WhiteElo "2204"]
[BlackElo "2172"]
[Result "1/2-1/2"]
[Round "09"]
[TimeControl "180+1"]
[Date "2022.06.29"]
[WhiteClock "0:00:15"]
[BlackClock "0:00:02"]

1. d4 Nf6 2. c4 e5 3. dxe5 Ng4 4. Bf4 Bb4+ 5. Nd2 Nc6 6. Nf3 Qe7 7. e3 Ngxe5 8. Nxe5 Nxe5 9. a3 Bxd2+ 10. Qxd2 d6 11. Rc1 b6 12. Qc3 Bb7 13. Bxe5 dxe5 14. c5 O-O 15. c6 Bc8 16. Be2 Bf5 17. O-O Rad8 18. Rfd1 a5 19. h3 f6 20. Bc4+ Be6 21. Qb3 Bxc4 22. Qxc4+ Kh8 23. Rd7 Rxd7 24. cxd7 Qxd7 25. Qxc7 Qxc7 26. Rxc7 Rb8 27. Kf1 h5 28. Ke2 Kh7 29. Kd3 Rd8+ 30. Kc3 Rd6 31. h4 e4 32. Re7 f5 33. f3 Rd3+ 34. Kc4 Rxe3 35. fxe4 fxe4 36. Re5 Re2 37. Rxh5+ Kg6 38. Rg5+ Kf6 39. b4 axb4 40. axb4 Rd2 41. Kc3 Rd6 42. Rg4 Kf5 43. Rxg7 e3 44. Re7 Kf4 45. Kc4 Rh6 46. g3+ Kf3 47. Kb5 Rg6 48. h5 Rxg3 49. Kxb6 Rh3 50. Re5 e2 51. b5 Kf2 52. Ka7 Re3 53. Rxe3 Kxe3 54. b6 e1=Q 55. b7 Qa5+ 56. Kb8 Qd8+ 57. Ka7 Qa5+ 58. Kb8 Qd8+ 59. Ka7 Qa5+ 1/2-1/2


[Site "https://www.chess.com"]

[Event "Titled Tuesday Blitz June 28 Late 2022"]
[White "So, Wesley"]
[Black "Rasulov, Vugar"]
[WhiteFideId "5202213"]
[BlackFideId "13402390"]
[WhiteElo "2742"]
[BlackElo "2560"]
[Result "1-0"]
[Round "09"]
[TimeControl "180+1"]
[Date "2022.06.28"]
[WhiteClock "0:00:02"]
[BlackClock "0:00:35"]

1. e4 c5 2. Nf3 Nc6 3. Bb5 e6 4. O-O Nge7 5. d4 cxd4 6. Nxd4 a6 7. Nxc6 Nxc6 8. Bxc6 dxc6 9. Qh5 g6 10. Qf3 Bg7 11. Rd1 Qe7 12. e5 Bxe5 13. Nc3 O-O 14. Ne4 f5 15. Nc3 Bg7 16. Na4 e5 17. Be3 e4 18. Qe2 Qf7 19. Nb6 Rb8 20. Bf4 Be6 21. Bxb8 Rxb8 22. c3 Re8 23. a4 f4 24. Qxe4 Bb3 25. Qd3 Bxd1 26. Rxd1 Bf6 27. Kf1 Kg7 28. Qc4 Qxc4+ 29. Nxc4 b5 30. axb5 cxb5 31. Na5 b4 32. Rd7+ Kh6 33. Rd6 Be5 34. Rc6 bxc3 35. bxc3 Rb8 36. Ke2 Rb5 37. Nc4 Bxc3 38. Rxa6 Bd4 39. Nd6 Rb2+ 40. Kd3 Bxf2 41. Ke4 Be3 42. g3 Rxh2 43. gxf4 Bc1 44. Nf7+ Kh5 45. Rc6 Rh1 46. Rc5+ Kh4 47. Ne5 Re1+ 48. Kf3 Kh3 49. Nd3 Re3+ 50. Kf2 Rxd3 51. Rxc1 Kg4 52. Rh1 h5 53. Rg1+ Kf5 54. Rg5+ Kf6 55. Ra5 Rc3 56. Kg2 Rc4 57. Kg3 Rc1 58. Kg2 Rc3 59. Kf2 h4 60. Kg2 Kg7 61. Rg5 Kh6 62. Rg4 Kh5 63. Rg5+ Kh6 64. Rg4 h3+ 65. Kh2 Kh5 66. Rg5+ Kh4 67. Rxg6 Rc2+ 68. Kh1 Rf2 69. f5 Rf1+ 70. Kh2 Rf2+ 71. Kh1 Rxf5 72. Kh2 Rf2+ 73. Kh1 Rd2 74. Rg8 Rd5 75. Kh2 Rd2+ 76. Kh1 Re2 77. Rh8+ Kg3 78. Rg8+ Kf3 79. Rf8+ Kg3 80. Rg8+ Kf2 81. Rf8+ Ke1 82. Rf3 h2 83. Rh3 Kf1 84. Rf3+ Rf2 85. Rg3 Ke2 86. Rh3 Rf3 87. Rxh2+ Kf1 88. Rh4 Kf2 89. Rh2+ Kg3 90. Rg2+ Kh3 91. Rg1 Rf2 92. Re1 Rh2+ 93. Kg1 Rg2+ 94. Kf1 Rg3 95. Kf2 Rg2+ 96. Kf1 Rg3 97. Kf2 Rg2+ 98. Kf3 Rg3+ 99. Kf4 Rg4+ 100. Kf5 Rg3 101. Kf4 Rg4+ 102. Ke3 Rg3+ 103. Kd2 Rg2+ 104. Kd3 Rg3+ 105. Ke4 Rg2 106. Kf5 Kg3 107. Re3+ Kf2 108. Re4 Kf3 109. Rf4+ Ke3 110. Re4+ Kf3 111. Re5 Rg4 112. Kf6 Rf4+ 113. Kg6 Kg4 114. Rg5+ Kf3 115. Rh5 Ke4 116. Rb5 Rg4+ 117. Kf6 Rf4+ 118. Kg5 Kf3 119. Rb3+ Ke4 120. Rb4+ Ke5 121. Rxf4 Ke6 122. Re4+ Kd5 123. Kf5 Kd6 124. Re5 Kd7 125. Re6 Kd8 126. Ke5 Kd7 127. Kd5 Kc7 128. Re7+ Kb6 129. Rd7 Kb5 130. Rb7+ Ka4 131. Kc4 Ka3 132. Rb4 Ka2 133. Kc3 Ka1 134. Rb5 Ka2 135. Rb6 Ka1 136. Rb7 Ka2 137. Rb8 Ka1 138. Kc2 Ka2 139. Rb3 Ka1 140. Rh3 Ka2 141. Rf3 Ka1 142. Rf1+ Ka2 143. Rf3 Ka1 144. Re3 Ka2 145. Rd3 Ka1 146. Rd1+ Ka2 147. Rd3 Ka1 148. Rd4 Ka2 149. Ra4# 1-0


[Site "https://www.chess.com"]

[Event "Titled Tuesday Blitz June 28 Late 2022"]
[White "Svane, Rasmus"]
[Black "Lashkin, Jegor"]
[WhiteFideId "4657101"]
[BlackFideId "13907808"]
[WhiteElo "2674"]
[BlackElo "2368"]
[Result "1-0"]
[Round "09"]
[TimeControl "180+1"]
[Date "2022.06.28"]
[WhiteClock "0:00:35"]
[BlackClock "0:00:02"]

1. Nf3 d5 2. g3 g6 3. Bg2 Bg7 4. d4 c6 5. O-O Nf6 6. c3 O-O 7. Re1 Bf5 8. Nbd2 Nbd7 9. Nh4 Be6 10. e4 dxe4 11. Nxe4 Bd5 12. Nxf6+ Bxf6 13. Bxd5 cxd5 14. Nf3 e6 15. Bh6 Re8 16. h4 b5 17. Qd3 Qb6 18. a3 a5 19. Kg2 b4 20. cxb4 axb4 21. a4 Rec8 22. Bd2 h5 23. b3 Be7 24. Rec1 Nf6 25. Bg5 Qd8 26. Ne5 Qe8 27. Qb5 Ne4 28. Rxc8 Rxc8 29. Qxe8+ Rxe8 30. Bxe7 Rxe7 31. a5 Ra7 32. Nc6 Ra8 33. Ra4 Kg7 34. Rxb4 Rc8 35. Rb6 Nd2 36. a6 Nxb3 37. a7 1-0


[Site "https://www.chess.com"]

[Event "Titled Tuesday Blitz June 28 Late 2022"]
[White "Tanenbaum, Zachary"]
[Black "Jessel, Stephen"]
[WhiteFideId "2060850"]
[BlackFideId "628859"]
[WhiteElo "2175"]
[BlackElo "2268"]
[Result "0-1"]
[Round "09"]
[TimeControl "180+1"]
[Date "2022.06.28"]
[WhiteClock "0:01:28"]
[BlackClock "0:01:29"]

1. e4 e6 2. d4 d5 3. Nc3 Nf6 4. Bg5 h6 5. Bxf6 Qxf6 6. exd5 Bb4 7. dxe6 Bxe6 8. Bd3 Nc6 9. a3 Ba5 10. Be4 Nxd4 11. Bxb7 Rb8 12. b4 Rxb7 13. bxa5 Rb2 14. Nge2 Nxc2+ 15. Kf1 Ne3+ 16. Kg1 Nxd1 17. Rxd1 O-O 18. h3 Bc4 0-1


[Site "https://www.chess.com"]

[Event "Titled Tuesday Blitz June 28 Late 2022"]
[White "Tatarinov, Dmitry"]
[Black "Perske, Thore"]
[WhiteFideId "24160067"]
[BlackFideId "12902195"]
[WhiteElo "2302"]
[BlackElo "2315"]
[Result "0-1"]
[Round "09"]
[TimeControl "180+1"]
[Date "2022.06.28"]
[WhiteClock "0:01:17"]
[BlackClock "0:00:04"]

1. e4 e6 2. d4 d5 3. Nd2 c5 4. exd5 exd5 5. Ngf3 a6 6. Bd3 c4 7. Be2 Nf6 8. O-O Bd6 9. Ne5 O-O 10. f4 Nc6 11. c3 Qc7 12. Qe1 b5 13. Qh4 Ne7 14. g4 b4 15. Bd1 Ng6 16. Qg3 Rb8 17. Bc2 a5 18. h4 Nxg4 19. h5 N6xe5 20. fxe5 Nxe5 21. dxe5 Bxe5 22. Qg2 bxc3 23. bxc3 Bxc3 24. Rb1 Rxb1 25. Bxb1 Be6 26. Nf3 Qb6+ 27. Kh1 Qxb1 28. Ba3 Qf5 29. Bxf8 Qxh5+ 30. Kg1 Kxf8 31. Rb1 g6 32. Rb7 Qg4 33. Qxg4 Bxg4 34. Ng5 Be6 35. Nxh7+ Ke8 36. Ng5 Bd4+ 37. Kf1 c3 38. Ke2 Bf6 39. Nf3 d4 40. Rb6 Kd7 41. Ra6 Bc4+ 0-1


[Site "https://www.chess.com"]

[Event "Titled Tuesday Blitz June 28 Late 2022"]
[White "Terry, Renato"]
[Black "Corrales Jimenez, Fidel"]
[WhiteFideId "3803457"]
[BlackFideId "3506690"]
[WhiteElo "2577"]
[BlackElo "2541"]
[Result "1/2-1/2"]
[Round "09"]
[TimeControl "180+1"]
[Date "2022.06.28"]
[WhiteClock "0:00:02"]
[BlackClock "0:00:09"]

1. d4 Nf6 2. Bg5 Ne4 3. Bf4 c5 4. f3 Qa5+ 5. c3 Nf6 6. d5 d6 7. e4 e6 8. Na3 exd5 9. exd5 Be7 10. Nc4 Qd8 11. a4 O-O 12. Ne2 Na6 13. g4 Re8 14. Bg2 Nxg4 15. fxg4 Bh4+ 16. Kd2 Bxg4 17. Ne3 Bh5 18. Qc2 Bxe2 19. Kxe2 c4 20. Kf3 Nc5 21. Nxc4 Bg5 22. Qf5 Bxf4 23. Qxf4 Nd3 24. Qd4 Ne5+ 25. Nxe5 Rxe5 26. Kf2 Qf6+ 27. Bf3 Qf5 28. Rae1 Qc2+ 29. Re2 Rxe2+ 30. Bxe2 Qxb2 31. Qe3 Rc8 32. c4 Qb4 33. Rg1 g6 34. Qe7 Qb6+ 35. Qe3 Qb4 36. h4 Qxa4 37. h5 Re8 38. Qd3 Qb4 39. hxg6 hxg6 40. Rg3 Qc5+ 41. Kg2 Re5 42. Rf3 b5 43. cxb5 Rxd5 44. Qe4 Rg5+ 45. Rg3 Re5 46. Qd3 Rd5 47. Qe4 Re5 48. Qf3 Rf5 49. Qe4 Re5 1/2-1/2


[Site "https://www.chess.com"]

[Event "Titled Tuesday Blitz June 28 Late 2022"]
[White "Urbina Perez, Juan Antonio"]
[Black "Sanchez Alarcon, Juan"]
[WhiteFideId "2217368"]
[BlackFideId "3401332"]
[WhiteElo "2192"]
[BlackElo "2164"]
[Result "1-0"]
[Round "09"]
[TimeControl "180+1"]
[Date "2022.06.29"]
[WhiteClock "0:01:06"]
[BlackClock "0:01:14"]

1. d4 Nf6 2. Nf3 g6 3. g3 Bg7 4. Bg2 O-O 5. O-O d6 6. Re1 Nbd7 7. Nc3 e5 8. e4 c6 9. a4 a5 10. Bg5 h6 11. Be3 Qc7 12. Qd2 Kh7 13. Rac1 Re8 14. d5 c5 15. Nb5 Qb8 16. Qd3 b6 17. Nd2 Ba6 18. b3 Ng4 19. Bh3 Ndf6 20. f3 Nxe3 21. Qxe3 h5 22. Nc4 Rd8 23. f4 Bh6 24. Qf3 exf4 25. gxf4 Ne8 26. Rcd1 Qb7 27. e5 Bxb5 28. axb5 Ra7 29. f5 Qe7 30. f6 Qc7 31. e6 Bg5 32. Bf5 Nxf6 33. e7 Re8 34. h4 Bxh4 35. Re4 Bg5 36. Rde1 Kh6 37. Bxg6 fxg6 38. Re6 Kg7 39. Nxd6 c4 40. Nxe8+ Nxe8 41. Qf8+ 1-0


[Site "https://www.chess.com"]

[Event "Titled Tuesday Blitz June 28 Late 2022"]
[White "Van Foreest, Jorden"]
[Black "Deac, Bogdan-Daniel"]
[WhiteFideId "1039784"]
[BlackFideId "1226380"]
[WhiteElo "2609"]
[BlackElo "2648"]
[Result "0-1"]
[Round "09"]
[TimeControl "180+1"]
[Date "2022.06.28"]
[WhiteClock "0:00:04"]
[BlackClock "0:00:09"]

1. e4 c5 2. d4 cxd4 3. Qxd4 Nc6 4. Qd3 g6 5. Nc3 Bg7 6. Nf3 Nf6 7. Be2 O-O 8. Bg5 h6 9. Bh4 d6 10. O-O Be6 11. Rad1 Rc8 12. a3 Nd7 13. Qe3 Qb6 14. Qxb6 Nxb6 15. Nd5 g5 16. Bg3 Bxb2 17. Bb5 Bxd5 18. exd5 Ne5 19. Rfe1 Nxf3+ 20. gxf3 Bf6 21. Re2 Rc5 22. Bd3 Nxd5 23. Ree1 Rfc8 24. Kg2 Nc3 25. Rc1 Ra5 26. Ra1 Ra4 27. Rg1 Kf8 28. h4 gxh4 29. Bh2 b6 30. Kh3 Nd5 31. Bh7 Ke8 32. Rad1 Nf4+ 33. Bxf4 Rxf4 34. Be4 Kd7 35. Kg2 Rc5 36. Kf1 e6 37. Rg8 d5 38. Bd3 Rxf3 39. Ra8 Rc7 40. Ke2 Rf4 41. Rg1 Kd6 42. Rh1 Bg5 43. Rb8 Ra4 44. Ra1 Rf4 45. a4 Ke5 46. a5 bxa5 47. Rxa5 h3 48. Ra1 h2 49. Rh1 Rh4 50. Kf3 a5 51. Ra8 a4 52. Kg3 Rc3 53. Re1+ Kf6 54. Kg2 a3 55. Rh1 Bf4 56. Ra7 Be5 57. Bh7 Rg4+ 58. Kf1 Rg7 59. Bd3 Rg4 60. Ra8 h5 61. Ra7 h4 62. Ra6 h3 63. Ra8 Rg1+ 64. Rxg1 hxg1=Q+ 65. Kxg1 h2+ 66. Kg2 Rc7 67. Rxa3 Rc8 68. f4 Bxf4 69. Ra1 Rg8+ 70. Kh1 e5 71. c4 e4 72. Bc2 dxc4 73. Bxe4 c3 74. Rf1 Ke5 75. Bc2 Rg1+ 76. Rxg1 hxg1=Q+ 77. Kxg1 Kd4 78. Kf2 Ke5 79. Kf3 f5 80. Bd3 Bd2 81. Bc2 Kf6 82. Bd3 Ke5 83. Bc2 f4 84. Bb1 Kd4 85. Bc2 Kc4 86. Be4 Kb3 87. Ke2 Kb2 88. Kd1 Be3 89. Bd3 f3 90. Be4 f2 91. Ke2 c2 0-1


[Site "https://www.chess.com"]

[Event "Titled Tuesday Blitz June 28 Late 2022"]
[White "Vivas Zamora, Fabian Ernesto"]
[Black "Gaehwiler, Gabriel"]
[WhiteFideId "3902480"]
[BlackFideId "1314530"]
[WhiteElo "2014"]
[BlackElo "2383"]
[Result "0-1"]
[Round "09"]
[TimeControl "180+1"]
[Date "2022.06.28"]
[WhiteClock "0:00:01"]
[BlackClock "0:00:48"]

1. e4 c5 2. Nf3 d6 3. d4 Nf6 4. Nc3 cxd4 5. Nxd4 Nc6 6. Bg5 Bd7 7. Qd2 Rc8 8. Bxf6 gxf6 9. Be2 Nxd4 10. Qxd4 Qa5 11. O-O Qc5 12. Rad1 Qxd4 13. Rxd4 e6 14. Rfd1 a6 15. a4 Rc5 16. f4 Be7 17. Bf3 Bc6 18. R1d3 Bd7 19. e5 d5 20. Rd2 Rc8 21. Kf1 fxe5 22. fxe5 Bg5 23. Re2 Bc6 24. h4 Be7 25. Rg4 Bc5 26. Rd2 Ke7 27. Ne2 Bd7 28. Nd4 Ba7 29. b3 Rc3 30. Rg7 Kf8 31. Rg4 Ke7 32. Rg7 Be8 33. Rg4 Rf8 34. Rf4 Bb8 35. Ne2 Rc8 36. c4 Bxe5 37. Rg4 dxc4 38. bxc4 Bc6 39. Bxc6 Rxc6 40. Re4 Bf6 41. Nf4 Ke8 42. Nd5 Bd8 43. Nb4 Rc8 44. Nd5 Rg8 45. Rf2 Rc6 46. g4 Bxh4 47. Rh2 Bg5 48. Rxh7 Rf8 49. Rh5 Bd8 50. g5 Kd7 51. Nf6+ Kc8 52. Rh7 Rc5 53. Ng4 Rxg5 54. Ne5 Rf5+ 55. Ke2 Bc7 56. Nd3 Bd6 57. Rg4 Kd7 58. Rgg7 Ke7 59. Ke3 Rf6 60. Kd4 Rd8 61. c5 Bc7+ 62. Kc4 Rf3 63. Nb2 Be5 64. Rxf7+ Rxf7 65. Rxf7+ Kxf7 66. Nd3 Bc7 67. Nb4 Ke7 68. c6 a5 69. Na2 bxc6 70. Kc5 Bd6+ 71. Kxc6 Rc8+ 72. Kb5 Rc5+ 73. Kb6 e5 74. Ka6 e4 0-1


[Site "https://www.chess.com"]

[Event "Titled Tuesday Blitz June 28 Late 2022"]
[White "Vlassov, Nikolai"]
[Black "Carrasco Miranda, Andres"]
[WhiteFideId "4103360"]
[BlackFideId "3405990"]
[WhiteElo "2407"]
[BlackElo "2177"]
[Result "0-1"]
[Round "09"]
[TimeControl "180+1"]
[Date "2022.06.29"]
[WhiteClock "0:00:27"]
[BlackClock "0:00:35"]

1. e4 c5 2. c3 d5 3. exd5 Qxd5 4. d4 g6 5. dxc5 Qxc5 6. Be3 Qc7 7. Bxa7 Nc6 8. Be3 Nh6 9. Nf3 Nf5 10. Bc1 e5 11. Bb5 e4 12. Nd4 Nxd4 13. Qxd4 Rg8 14. Qxe4+ Be6 15. O-O Bd6 16. h3 g5 17. Qxh7 O-O-O 18. Qe4 g4 19. h4 g3 20. Bxc6 gxf2+ 21. Rxf2 Bh2+ 22. Kf1 Rd1+ 23. Ke2 Bg4+ 24. Qxg4+ Rxg4 25. Kxd1 Qxc6 26. Nd2 Bg3 27. Rxf7 Rxh4 28. Rf8+ Kd7 29. Rg8 Rh1+ 30. Kc2 Bf4 31. Rg7+ Ke8 32. Rg8+ Kf7 33. Rd8 Qg6+ 34. Kb3 Qb6+ 35. Kc2 Qxd8 0-1


[Site "https://www.chess.com"]

[Event "Titled Tuesday Blitz June 28 Late 2022"]
[White "Wang, Isaac"]
[Black "Isajevsky, Anton"]
[WhiteFideId "30977185"]
[BlackFideId "4142500"]
[WhiteElo "2325"]
[BlackElo "2510"]
[Result "1-0"]
[Round "09"]
[TimeControl "180+1"]
[Date "2022.06.29"]
[WhiteClock "0:00:38"]
[BlackClock "0:00:01"]

1. d4 d5 2. c4 e6 3. Nc3 Be7 4. cxd5 exd5 5. Bf4 c6 6. e3 Bd6 7. Bxd6 Qxd6 8. Bd3 Ne7 9. Nge2 Bf5 10. O-O O-O 11. f3 Nd7 12. e4 dxe4 13. fxe4 Bg6 14. Qc2 c5 15. Nb5 Qb6 16. a4 cxd4 17. a5 Qd8 18. Nbxd4 Rc8 19. Qd2 Nc5 20. Qe3 Nxd3 21. Qxd3 Nc6 22. Rfd1 Nxa5 23. b4 Nc4 24. Rdc1 Nd6 25. Rxc8 Qxc8 26. Rxa7 Nxe4 27. Qf3 Rd8 28. h3 h6 29. Ra3 1-0


[Site "https://www.chess.com"]

[Event "Titled Tuesday Blitz June 28 Late 2022"]
[White "Xiong, Jeffery"]
[Black "Ibarra Jerez, Jose Carlos"]
[WhiteFideId "2047640"]
[BlackFideId "2226332"]
[WhiteElo "2714"]
[BlackElo "2628"]
[Result "1-0"]
[Round "09"]
[TimeControl "180+1"]
[Date "2022.06.28"]
[WhiteClock "0:02:06"]
[BlackClock "0:01:22"]

1. Nf3 Nf6 2. c4 g6 3. b4 Bg7 4. Bb2 O-O 5. g3 b6 6. Bg2 Bb7 7. O-O d6 8. Nc3 e5 9. d3 Nbd7 10. a4 a5 11. b5 Nc5 12. Nd2 Bxg2 13. Kxg2 d5 14. cxd5 Nxd5 15. Nce4 Ne6 16. Qb3 Nd4 17. Bxd4 exd4 18. Rac1 Nc3 19. Nxc3 dxc3 20. Ne4 Re8 21. Rfe1 Rxe4 22. dxe4 Qd4 23. Qd5 Re8 24. Qxd4 Bxd4 25. Kf3 Kg7 26. Red1 Bf6 27. Rd7 Rc8 28. Kf4 h6 29. h4 g5+ 30. Kf5 Re8 31. f4 1-0


[Site "https://www.chess.com"]